AoeStats
← Cid Scarto

Black Forest

510411642Analyzed
4v4 RM · 3d ago on Sep 30, 2026· 54m 35s· 8 players
Game mode
Random Map
Map size
Large (8 player)
Population
200
Speed
Normal
Resources
Standard
Victory
Conquest
Starting age
Dark Age
Ending age
Imperial Age
RankedLock teamsTeams togetherTeam positionsShared explorationLock speedFull tech treeHidden civsTurbo modeCheats
Victory
Defeat
🇸🇪 Khmer · Sweden
1006
+15
🇷🇺 Varangians · Russia
1002
+15
🇹🇷 Malay · Türkiye
986
+16
🇨🇱 Mongols · Chile
972
+17
🇹🇷 Slavs · Türkiye
1038
-17
🇹🇷 Bohemians · Türkiye
994
-16
🇵🇪 Magyars · Peru
980
-16
🇺🇸 Teutons · United States
934
-14
oveja83
10:08 Feudal Age
9:50 Loom
12:46 Double-Bit Axe
15:31 Gold Mining
17:46 Castle Age
15:45 Fletching
15:40 Horse Collar
18:42 Bow Saw
18:16 Horse Collar
19:02 Town Watch
19:55 Gold Shaft Mining
22:04 Ballistics
23:23 Husbandry
23:33 Scale Barding Armor
24:39 Stone Mining
25:05 Padded Archer Armor
25:16 Heavy Plow
25:14 Fishing Lines
26:36 Wheelbarrow
27:00 Thumb Ring
27:16 Bloodlines
28:45 Hand Cart
28:33 Bodkin Arrow
29:24 Leather Archer Armor
29:37 Gillnets
31:08 Chain Barding Armor
34:22 Imperial Age
32:05 Town Patrol
34:37 Capped Ram
36:21 Chemistry
36:27 Drill
36:28 Conscription
36:10 Bracer
36:03 Siege Ram
37:24 Forging
36:37 Light Cavalry
37:39 Nomads
38:47 Iron Casting
38:24 Heavy Scorpion
38:28 Hussar
42:12 Onager
45:44 Siege Onager
50:48 Blast Furnace
Nuhro
13:15 Feudal Age
16:33 Castle Age
14:25 Double-Bit Axe
16:44 Bow Saw
19:05 Wheelbarrow
18:46 Horse Collar
20:17 Heavy Plow
22:40 Fishing Lines
29:44 Imperial Age
27:58 Gillnets
28:30 Hand Cart
28:07 Loom
28:16 Town Watch
28:45 Fletching
29:14 Masonry
29:03 Murder Holes
29:29 Ballistics
31:20 Chemistry
30:44 Padded Archer Armor
30:40 Bodkin Arrow
30:55 Town Patrol
30:54 Stone Mining
30:57 Gold Mining
30:35 Crossbowman
31:42 Conscription
32:29 Thumb Ring
33:25 Gold Shaft Mining
33:27 Stone Shaft Mining
34:56 Siege Engineers
35:17 Ballistics
35:22 Bracer
36:41 Husbandry
37:53 Arbalester
39:41 Scale Barding Armor
39:46 Forging
39:52 Leather Archer Armor
39:58 Leather Archer Armor
39:56 Forging
41:57 Iron Casting
46:23 Elite Battle Elephant
51:17 Blast Furnace
KOMMEPCAHT
6:14 Loom
13:12 Feudal Age
17:24 Castle Age
15:32 Double-Bit Axe
15:29 Horse Collar
17:53 Wheelbarrow
19:52 Hand Cart
25:22 Fishing Lines
27:10 Heavy Plow
28:33 Gold Mining
28:33 Stone Mining
29:14 Husbandry
29:24 Bloodlines
29:48 Bow Saw
30:21 Scale Barding Armor
30:28 Forging
30:36 Gillnets
31:29 Chain Barding Armor
30:59 Fletching
34:00 Imperial Age
31:20 Vendel Legacy
33:29 Iron Casting
33:18 Ballistics
33:10 Fortified Wall
32:55 Murder Holes
33:49 Bodkin Arrow
34:04 Elite Jarl
35:04 Conscription
34:50 Cavalier
36:19 Plate Barding Armor
36:49 Blast Furnace
36:55 Bracer
36:56 Padded Archer Armor
36:56 Capped Ram
40:23 Leather Archer Armor
41:37 Ring Archer Armor
52:20 Gothikon
Kvintus pappa
3:35 Loom
11:54 Feudal Age
12:22 Double-Bit Axe
12:19 Horse Collar
16:49 Castle Age
19:22 Bow Saw
20:55 Heavy Plow
22:01 Forging
21:56 Scale Barding Armor
23:28 Wheelbarrow
23:54 Stone Mining
23:44 Light Cavalry
25:10 Husbandry
25:15 Town Watch
26:43 Bloodlines
28:08 Gold Mining
29:08 Hand Cart
28:54 Town Patrol
32:01 Imperial Age
29:44 Scale Mail Armor
30:58 Iron Casting
30:43 Chain Barding Armor
30:40 Chain Mail Armor
30:16 Fletching
30:26 Padded Archer Armor
31:55 Gold Shaft Mining
31:57 Stone Shaft Mining
31:51 Tusk Swords
33:10 Ballistics
33:55 Chemistry
33:08 Masonry
33:28 Hussar
34:10 Bodkin Arrow
34:09 Elite Battle Elephant
34:21 Elite Skirmisher
36:39 Conscription
36:22 Double Crossbow
35:47 Heavy Scorpion
40:06 Plate Barding Armor
48:01 Siege Engineers
53:23 Blast Furnace
xxyvonnederful
12:20 Feudal Age
16:32 Castle Age
14:22 Double-Bit Axe
14:54 Horse Collar
17:39 Wheelbarrow
17:44 Bow Saw
17:39 Heavy Plow
24:13 Gold Mining
26:26 Bloodlines
26:31 Scale Barding Armor
26:37 Forging
29:00 Imperial Age
26:34 Stone Mining
28:20 Chain Barding Armor
28:51 Stone Shaft Mining
29:59 Iron Casting
29:11 Cavalier
31:06 Chemistry
30:17 Fortified Wall
30:15 Caravan
31:35 Hand Cart
31:06 Loom
31:06 Town Watch
30:59 Paladin
32:47 Plate Barding Armor
32:04 Fletching
34:42 Ballistics
34:36 Masonry
34:32 Siege Engineers
34:18 Guard Tower
35:35 Town Patrol
35:01 Pikeman
36:34 Conscription
36:24 Gambesons
36:40 Squires
37:03 Crenellations
39:24 Hoardings
38:52 Bodkin Arrow
39:58 Blast Furnace
41:18 Scale Mail Armor
41:59 Keep
41:47 Bombard Tower
Cid Scarto
4:45 Loom
10:43 Feudal Age
16:07 Castle Age
14:58 Double-Bit Axe
22:49 Scale Mail Armor
25:35 Horse Collar
26:50 Heavy Plow
26:50 Gold Mining
28:43 Bow Saw
29:35 Wheelbarrow
31:43 Hand Cart
36:29 Imperial Age
38:52 Caravan
40:19 Chain Mail Armor
42:11 Elite Skirmisher
43:24 Pikeman
44:21 Husbandry
45:12 Scale Barding Armor
Namzer
8:52 Loom
12:19 Feudal Age
16:28 Castle Age
16:01 Double-Bit Axe
18:13 Bow Saw
23:21 Fervor
22:59 Horse Collar
24:22 Wheelbarrow
27:13 Hand Cart
30:27 Imperial Age
29:01 Chemistry
28:44 Heavy Plow
29:09 Ballistics
31:19 Houfnice
33:11 Two-Man Saw
32:28 Caravan
34:03 Squires
35:09 Fletching
35:19 Padded Archer Armor
36:29 Conscription
36:35 Wagenburg Tactics
37:14 Arson
36:50 Pikeman
37:58 Town Watch
41:49 Siege Engineers
46:46 Bodkin Arrow
47:06 Leather Archer Armor
SarilarinSulo
0:48 Loom
12:57 Feudal Age
14:48 Double-Bit Axe
17:30 Castle Age
15:33 Horse Collar
16:36 Gold Mining
18:43 Heavy Plow
19:32 Bow Saw
20:05 Wheelbarrow
22:23 Gold Shaft Mining
28:34 Imperial Age
26:52 Hand Cart
26:36 Pikeman
27:19 Squires
27:32 Forging
27:28 Stone Mining
29:31 Iron Casting
29:03 Scale Barding Armor
30:44 Two-Man Saw
30:16 Crop Rotation
29:54 Onager
31:50 Town Watch
31:31 Halberdier
33:52 Blast Furnace
33:34 Druzhina
33:59 Elite Boyar
35:07 Conscription
36:28 Scale Mail Armor
36:48 Chain Barding Armor
37:59 Chain Mail Armor
38:50 Plate Barding Armor
41:38 Plate Mail Armor
Connection lost

Rejoining the realm…

Still unreachable

The connection could not be restored.

Session expired

The server has moved on; the page needs a fresh start.